General information
- name: BNet
- type: Ladder team game (AT/RT)
- host: Battle.net
- saver: mata.
map: Highperch
- players: 6
- length: 145:26
- speed: Fast
- version: 1.26 W3XP
- replay type:

» download(757 KB)
Players
team 1 (loser)
inhumanism (
blue | 68 APM | 9944 actions | 145:25)
6 Mountain King
3 Storm Bolt
2 Bash
1 Avatar
5 Paladin
3 Holy Light
1 Divine Shield
1 Devotion Aura
1 Death Knight
1 Death Coil
1 Demon Hunter
1 Metamorphosis
» actions
| Assign group hotkey | 151 | |
| Basic commands | 117 | |
| Build / train | 116 | |
| Enter build submenu | 24 | |
| Enter hero's abilities submenu | 14 | |
| Give item / drop item | 11 | |
| Remove unit from queue | 3 | |
| Right click | 4300 | |
| Select / deselect | 1607 | |
| Select group hotkey | 3269 | |
| Use ability | 331 | |
9944 total
» units
| Peasant | 12 | |
| Footman | 3 | |
| Rifleman | 9 | |
| Mortar Team | 12 | |
| Flying Machine | 18 | |
| Siege Engine | 5 | |
59 total
» upgrades
| Long Rifles | 1 | |
| Gunpowder | 3 | |
| Fragmentation Shards | 1 | |
| Lumber Harvesting | 1 | |
| Masonry | 1 | |
| Flak Cannons | 1 | |
| Armor | 3 | |
| Flare | 1 | |
| Barrage | 1 | |
13 total
» buildings
| Altar of Kings | 1 | |
| Farm | 13 | |
| Barracks | 1 | |
| Arcane Vault | 1 | |
| Keep | 2 | |
| Blacksmith | 2 | |
| Workshop | 2 | |
| Castle | 1 | |
| Lumber Mill | 1 | |
24 total
» build order
00:09 Altar of Kings
00:18 Farm
00:22 Barracks
00:46 Farm
01:45 Farm
02:48 Arcane Vault
03:01 Farm
03:06 Keep
03:07 Keep
03:29 Farm
03:45 Farm
03:54 Blacksmith
04:09 Blacksmith
06:20 Workshop
06:46 Farm
07:53 Castle
08:58 Farm
09:26 Farm
11:14 Farm
11:30 Lumber Mill
13:07 Farm
13:43 Workshop
17:26 Farm
20:40 Farm
» items
| Potion of Lesser Invulnerability | 1 | |
| Scroll of Healing | 1 | |
| Orb of Fire | 2 | |
| Staff of Sanctuary | 2 | |
| Scroll of Regeneration | 1 | |
| Scroll of Town Portal | 1 | |
| Lesser Clarity Potion | 2 | |
| Potion of Mana | 1 | |
| Boots of Speed | 1 | |
12 total
s.crasian (
red | 34 APM | 4983 actions | 145:25)
5 Demon Hunter
3 Mana Burn
2 Evasion
2 Keeper of the Grove
1 Entangling Roots
1 Force of Nature
» actions
| Assign group hotkey | 58 | |
| Basic commands | 155 | |
| Build / train | 101 | |
| Enter build submenu | 32 | |
| Enter hero's abilities submenu | 8 | |
| Give item / drop item | 9 | |
| Remove unit from queue | 2 | |
| Right click | 2232 | |
| Select / deselect | 1015 | |
| Select group hotkey | 1200 | |
| Use ability | 169 | |
4983 total
» units
| Wisp | 33 | |
| Huntress | 2 | |
| Glaive Thrower | 6 | |
| Chimaera | 11 | |
| Faerie Dragon | 6 | |
| Hippogryph | 14 | |
72 total
» upgrades
| Strength of the Moon | 1 | |
| Strength of the Wild | 2 | |
| Corrosive Breath | 1 | |
| Vorpal Blades | 1 | |
| Reinforced Hides | 1 | |
6 total
» buildings
| Altar of Elders | 1 | |
| Moon Well | 8 | |
| Hunter's Hall | 1 | |
| Ancient of War | 3 | |
| Ancient Protector | 2 | |
| Tree of Ages | 1 | |
| Tree of Life | 2 | |
| Tree of Eternity | 1 | |
| Ancient of Wind | 1 | |
| Chimaera Roost | 3 | |
| Ancient of Wonders | 1 | |
24 total
» build order
00:35 Altar of Elders
00:47 Moon Well
02:21 Hunter's Hall
02:24 Ancient of War
02:27 Ancient of War
02:55 Moon Well
03:06 Ancient of War
03:34 Ancient Protector
05:05 Moon Well
05:13 Moon Well
05:35 Moon Well
06:01 Tree of Ages
07:38 Tree of Life
08:25 Tree of Eternity
09:22 Ancient of Wind
10:54 Chimaera Roost
10:58 Chimaera Roost
11:22 Chimaera Roost
11:49 Ancient of Wonders
12:21 Moon Well
13:54 Moon Well
14:35 Moon Well
15:34 Tree of Life
15:51 Ancient Protector
» items
| Potion of Healing | 1 | |
| Scroll of Regeneration | 1 | |
| Orb of Venom | 1 | |
| Staff of Preservation | 1 | |
| Dust of Appearance | 3 | |
| Scroll of Town Portal | 1 | |
| Potion of Lesser Invulnerability | 2 | |
10 total
zhangzheng (
teal | 51 APM | 7413 actions | 145:25)
4 Death Knight
2 Death Coil
2 Unholy Aura
4 Lich
2 Frost Nova
2 Frost Armor
1 Pit Lord
1 Rain of Fire
» actions
| Assign group hotkey | 114 | |
| Basic commands | 59 | |
| Build / train | 94 | |
| Enter build submenu | 21 | |
| Enter hero's abilities submenu | 9 | |
| Give item / drop item | 10 | |
| Right click | 3232 | |
| Select / deselect | 865 | |
| Select group hotkey | 2772 | |
| Use ability | 237 | |
7413 total
» units
| Acolyte | 11 | |
| Ghoul | 6 | |
| Crypt Fiend | 10 | |
| Frost Wyrm | 18 | |
| Obsidian Statue | 2 | |
47 total
» upgrades
| Web | 1 | |
| Freezing Breath | 1 | |
| Creature Attack | 2 | |
| Creature Carapace | 3 | |
| Burrow | 1 | |
8 total
» buildings
| Graveyard | 1 | |
| Crypt | 1 | |
| Ziggurat | 8 | |
| Altar of Darkness | 2 | |
| Tomb of Relics | 1 | |
| Halls of the Dead | 1 | |
| Nerubian Tower | 2 | |
| Black Citadel | 1 | |
| Sacrificial Pit | 1 | |
| Necropolis | 1 | |
| Boneyard | 2 | |
| Spirit Tower | 2 | |
| Slaughterhouse | 1 | |
24 total
» build order
00:13 Graveyard
00:21 Crypt
00:44 Ziggurat
00:51 Altar of Darkness
00:57 Altar of Darkness
01:11 Tomb of Relics
01:53 Ziggurat
02:31 Ziggurat
03:47 Halls of the Dead
03:55 Nerubian Tower
06:18 Black Citadel
06:31 Sacrificial Pit
08:54 Necropolis
09:03 Boneyard
10:17 Boneyard
10:43 Ziggurat
10:44 Ziggurat
10:45 Ziggurat
10:46 Ziggurat
11:39 Nerubian Tower
12:00 Spirit Tower
13:07 Slaughterhouse
15:26 Spirit Tower
21:09 Ziggurat
» items
| Rod of Necromancy | 4 | |
| Scroll of Regeneration | 1 | |
| Lesser Clarity Potion | 1 | |
| Potion of Healing | 2 | |
| Dust of Appearance | 4 | |
| Orb of Corruption | 1 | |
| Potion of Lesser Invulnerability | 2 | |
| Scroll of Protection | 1 | |
| Scroll of Healing | 1 | |
17 total
team 2 (winner)
clantowa (
yellow | 65 APM | 9429 actions | 145:25)
6 Archmage
3 Blizzard
2 Brilliance Aura
1 Mass Teleport
4 Blood Mage
2 Flame Strike
2 Siphon Mana
» actions
| Assign group hotkey | 37 | |
| Basic commands | 246 | |
| Build / train | 173 | |
| ESC pressed | 18 | |
| Enter build submenu | 94 | |
| Enter hero's abilities submenu | 10 | |
| Give item / drop item | 18 | |
| Right click | 4994 | |
| Select / deselect | 670 | |
| Select group hotkey | 2707 | |
| Use ability | 462 | |
9429 total
» units
| Peasant | 22 | |
| Dragonhawk Rider | 40 | |
| Sorceress | 2 | |
| Priest | 2 | |
66 total
» upgrades
| Masonry | 3 | |
| Lumber Harvesting | 1 | |
| Magic Sentry | 1 | |
| Armor | 3 | |
| Animal War Training | 1 | |
| Priest Training | 2 | |
| Sorceress Training | 2 | |
| Swords | 3 | |
| Cloud | 1 | |
17 total
» buildings
| Altar of Kings | 1 | |
| Farm | 16 | |
| Lumber Mill | 2 | |
| Scout Tower | 71 | |
| Arcane Tower | 6 | |
| Guard Tower | 42 | |
| Keep | 1 | |
| Town Hall | 1 | |
| Arcane Sanctum | 1 | |
| Arcane Vault | 1 | |
| Castle | 1 | |
| Gryphon Aviary | 1 | |
| Barracks | 1 | |
| Blacksmith | 1 | |
146 total
» build order
00:04 Altar of Kings
00:08 Farm
00:31 Lumber Mill
01:07 Scout Tower
01:12 Scout Tower
01:36 Farm
01:41 Arcane Tower
01:50 Arcane Tower
02:14 Scout Tower
02:30 Scout Tower
02:44 Guard Tower
02:45 Scout Tower
03:03 Guard Tower
03:04 Scout Tower
03:28 Guard Tower
03:29 Scout Tower
03:31 Guard Tower
03:32 Scout Tower
03:57 Guard Tower
03:58 Scout Tower
04:09 Guard Tower
05:09 Guard Tower
05:11 Scout Tower
05:19 Keep
06:03 Scout Tower
06:04 Scout Tower
06:06 Scout Tower
06:07 Guard Tower
06:16 Town Hall
06:27 Farm
06:35 Guard Tower
06:38 Scout Tower
06:42 Arcane Tower
07:22 Guard Tower
08:01 Guard Tower
08:03 Scout Tower
08:42 Scout Tower
08:44 Guard Tower
08:45 Scout Tower
08:49 Arcane Sanctum
09:19 Guard Tower
09:31 Guard Tower
09:46 Scout Tower
10:16 Scout Tower
10:17 Scout Tower
10:17 Scout Tower
10:21 Scout Tower
10:22 Scout Tower
10:22 Scout Tower
10:27 Arcane Vault
10:28 Guard Tower
11:23 Castle
11:32 Scout Tower
11:33 Scout Tower
11:37 Gryphon Aviary
11:52 Guard Tower
12:31 Guard Tower
12:39 Barracks
12:42 Blacksmith
13:20 Farm
13:22 Farm
14:24 Guard Tower
16:41 Farm
16:42 Farm
16:42 Farm
16:43 Farm
19:29 Scout Tower
19:30 Scout Tower
19:30 Scout Tower
21:06 Guard Tower
21:34 Scout Tower
22:54 Farm
22:54 Farm
22:55 Farm
22:57 Farm
23:00 Farm
23:01 Farm
23:01 Farm
53:28 Scout Tower
53:30 Scout Tower
53:31 Scout Tower
53:33 Scout Tower
53:39 Scout Tower
53:39 Scout Tower
53:41 Scout Tower
54:07 Guard Tower
54:07 Guard Tower
54:12 Lumber Mill
54:13 Guard Tower
54:14 Guard Tower
54:17 Scout Tower
54:18 Scout Tower
54:19 Scout Tower
54:30 Scout Tower
54:31 Scout Tower
54:37 Scout Tower
54:59 Guard Tower
55:01 Scout Tower
55:04 Scout Tower
55:07 Guard Tower
55:18 Scout Tower
55:24 Scout Tower
55:27 Scout Tower
55:28 Scout Tower
55:44 Guard Tower
55:45 Scout Tower
55:46 Scout Tower
55:47 Scout Tower
55:48 Scout Tower
55:50 Scout Tower
55:59 Guard Tower
56:06 Scout Tower
56:07 Scout Tower
56:21 Scout Tower
56:21 Scout Tower
56:22 Scout Tower
56:29 Guard Tower
56:43 Guard Tower
56:45 Scout Tower
56:46 Scout Tower
56:48 Scout Tower
56:56 Scout Tower
57:02 Scout Tower
57:06 Guard Tower
57:06 Guard Tower
57:18 Guard Tower
57:18 Guard Tower
57:20 Guard Tower
57:20 Guard Tower
57:21 Guard Tower
57:23 Scout Tower
57:27 Scout Tower
57:28 Scout Tower
57:34 Scout Tower
57:35 Guard Tower
57:35 Guard Tower
57:35 Guard Tower
58:29 Guard Tower
60:17 Scout Tower
60:20 Scout Tower
60:24 Scout Tower
61:17 Arcane Tower
62:27 Arcane Tower
» items
| Staff of Teleportation | 2 | |
| Boots of Speed | 2 | |
| Healing Salve | 4 | |
| Lesser Clarity Potion | 2 | |
| Orb of Lightning | 2 | |
| Staff of Sanctuary | 2 | |
| Mechanical Critter | 2 | |
| Scroll of Town Portal | 3 | |
19 total

»
mata. (
orange | 61 APM | 8883 actions | 145:26)
8 Blademaster
3 Wind Walk
3 Critical Strike
1 Bladestorm
1 Mirror Image
» actions
| Assign group hotkey | 925 | |
| Basic commands | 46 | |
| Build / train | 96 | |
| ESC pressed | 1 | |
| Enter build submenu | 71 | |
| Enter hero's abilities submenu | 7 | |
| Give item / drop item | 14 | |
| Remove unit from queue | 21 | |
| Right click | 5496 | |
| Select / deselect | 1388 | |
| Select group hotkey | 310 | |
| Use ability | 500 | |
8883 total
» units
| Peon | 19 | |
| Demolisher | 2 | |
| Shaman | 4 | |
| Troll Batrider | 3 | |
| Raider | 2 | |
| Kodo Beast | -1 | |
29 total
» upgrades
| Spiked Barricades | 2 | |
| Shaman Training | 2 | |
| Burning Oil | 1 | |
| Ensnare | 1 | |
| Envenomed Spears | 0 | |
| War Drums Damage Increase | 0 | |
6 total
» buildings
| Altar of Storms | 3 | |
| Orc Burrow | 7 | |
| War Mill | 1 | |
| Watch Tower | 28 | |
| Stronghold | 1 | |
| Great Hall | 1 | |
| Voodoo Lounge | 1 | |
| Spirit Lodge | 1 | |
| Fortress | 1 | |
| Barracks | 1 | |
| Beastiary | 2 | |
47 total
» build order
00:24 Altar of Storms
00:33 Altar of Storms
00:35 Orc Burrow
00:53 War Mill
02:10 Watch Tower
02:27 Orc Burrow
02:46 Watch Tower
03:34 Watch Tower
03:40 Watch Tower
04:11 Watch Tower
04:13 Watch Tower
04:56 Watch Tower
05:01 Orc Burrow
05:22 Watch Tower
05:22 Watch Tower
05:22 Watch Tower
05:45 Orc Burrow
05:47 Stronghold
06:01 Watch Tower
06:30 Watch Tower
06:31 Watch Tower
07:20 Great Hall
07:24 Voodoo Lounge
07:35 Watch Tower
07:36 Watch Tower
08:27 Spirit Lodge
08:59 Fortress
09:02 Barracks
09:21 Watch Tower
09:26 Watch Tower
10:26 Watch Tower
10:28 Watch Tower
10:34 Watch Tower
10:46 Watch Tower
11:01 Watch Tower
12:38 Watch Tower
12:40 Watch Tower
12:42 Watch Tower
12:43 Watch Tower
13:41 Beastiary
13:41 Beastiary
13:48 Orc Burrow
13:48 Orc Burrow
15:07 Watch Tower
15:07 Watch Tower
102:06 Altar of Storms
103:56 Orc Burrow
» items
| Healing Salve | 7 | |
| Orb of Lightning | 1 | |
| Lesser Clarity Potion | 9 | |
| Boots of Speed | 1 | |
| Staff of Teleportation | 1 | |
| Potion of Healing | 3 | |
| Scroll of Town Portal | 2 | |
| Tiny Great Hall | 1 | |
25 total
WigDadSteveWlls (
pink | 80 APM | 11657 actions | 145:25)
8 Blademaster
3 Wind Walk
3 Critical Strike
1 Bladestorm
1 Mirror Image
1 Goblin Tinker
1 Pocket Factory
» actions
| Assign group hotkey | 30 | |
| Basic commands | 65 | |
| Build / train | 106 | |
| Enter build submenu | 36 | |
| Enter hero's abilities submenu | 10 | |
| Give item / drop item | 17 | |
| Right click | 8383 | |
| Select / deselect | 783 | |
| Select group hotkey | 1687 | |
| Use ability | 533 | |
11657 total
» units
» upgrades
| Liquid Fire | 1 | |
| Ranged Weapons | 2 | |
3 total
» buildings
| Altar of Storms | 2 | |
| Orc Burrow | 7 | |
| War Mill | 1 | |
| Watch Tower | 20 | |
| Voodoo Lounge | 1 | |
| Stronghold | 1 | |
| Beastiary | 2 | |
| Fortress | 2 | |
36 total
» build order
00:08 Altar of Storms
00:18 Orc Burrow
00:36 War Mill
01:54 Watch Tower
02:01 Watch Tower
02:57 Watch Tower
03:01 Watch Tower
03:24 Voodoo Lounge
03:38 Stronghold
05:24 Watch Tower
05:25 Watch Tower
05:31 Watch Tower
06:32 Watch Tower
06:32 Watch Tower
06:35 Watch Tower
06:35 Watch Tower
06:45 Beastiary
06:46 Beastiary
07:43 Fortress
07:44 Fortress
08:02 Watch Tower
08:56 Orc Burrow
08:58 Orc Burrow
08:58 Orc Burrow
09:17 Watch Tower
09:18 Watch Tower
09:20 Watch Tower
09:21 Watch Tower
10:34 Watch Tower
12:03 Watch Tower
12:06 Watch Tower
18:13 Watch Tower
54:13 Orc Burrow
90:32 Altar of Storms
90:39 Orc Burrow
91:51 Orc Burrow
» items
| Staff of Teleportation | 2 | |
| Boots of Speed | 1 | |
| Healing Salve | 7 | |
| Lesser Clarity Potion | 20 | |
| Orb of Lightning | 1 | |
| Staff of Sanctuary | 1 | |
| Scroll of Speed | 1 | |
| Mechanical Critter | 2 | |
35 total
Chat log
(00:24 / All) WigDadSteveWlls: Hello 2 all Boys
(00:25 / All) inhumanism: ready
(00:26 / All) clantowa: start fart
(01:17 / All) clantowa: what rank are you
(01:22 / All) inhumanism: 3
(01:28 / All) clantowa: yes in 3v3
(11:32 / All) WigDadSteveWlls: teal
(11:34 / All) WigDadSteveWlls: your expo
(11:36 / All) WigDadSteveWlls: i snack
(18:57 / All) WigDadSteveWlls: do U wig?
(24:24 / All) WigDadSteveWlls: lmao
(25:56 / All) WigDadSteveWlls: good play
(35:15 / All) clantowa: hey
(35:16 / All) clantowa: hey
(35:17 / All) WigDadSteveWlls: care
(35:18 / All) clantowa: where U go
(39:19 / All) zhangzheng: ?
(39:20 / All) zhangzheng: ??
(39:22 / All) zhangzheng: ???
(39:23 / All) zhangzheng: ????
(39:24 / All) clantowa: ?????
(39:31 / All) WigDadSteveWlls: Welcome to WIG
(40:42 / All) zhangzheng: fuck u gj
(40:53 / All) WigDadSteveWlls: u win... . .
(53:34 / All) WigDadSteveWlls: GG......
(58:19 / All) zhangzheng: ?
(61:04 / All) clantowa: welcome
(61:09 / All) clantowa: to my hompy
(61:15 / All) WigDadSteveWlls: (6)highper.ch
(62:15 / All) WigDadSteveWlls: we bought all zeps....dont bother trying
(62:18 / All) clantowa: howd you get down there
(64:11 / All) WigDadSteveWlls: what's your favorite tower???
(71:13 / All) WigDadSteveWlls: well listen
(71:21 / All) WigDadSteveWlls: let's get to know each other a little better
(71:27 / All) zhangzheng: ??
(71:31 / All) WigDadSteveWlls: in what town are you all liven
(71:32 / All) mata.: grab a snickers
(72:59 / All) WigDadSteveWlls: youtube.com/english
(73:15 / All) clantowa: hi we're ack
(73:18 / All) clantowa: Back******
(73:34 / All) clantowa: zhangzheng
(74:00 / All) WigDadSteveWlls: have you ever played on KALIMDOR
(74:03 / All) zhangzheng: play games to 2 hours !
(74:20 / All) clantowa: 2??
(74:23 / All) clantowa: how about 2.......days
(74:26 / All) WigDadSteveWlls: i have a website about long games on this map: http://highper.ch
(74:45 / All) WigDadSteveWlls: visit it and see! hope your government does not block TOWER REPLAY WEBSITES
(75:04 / All) WigDadSteveWlls: have you ever visited! the usa or canada
(75:13 / All) zhangzheng: we do not sleep tonight with you
(75:23 / All) zhangzheng: fuck u
(75:24 / All) clantowa: he he !
(75:25 / All) WigDadSteveWlls: that's cool
(75:30 / All) WigDadSteveWlls: are you going to win
(75:38 / All) zhangzheng: ;
(75:38 / All) clantowa: im going to sleep soon. gonna leave game open
(75:46 / All) clantowa: come back in the morning hope to See! you
(76:40 / All) zhangzheng: you guys rogue
(76:52 / All) clantowa: wat
(79:52 / All) WigDadSteveWlls: please explain: "rogue"
(81:35 / All) inhumanism: 球不要卖呀
(81:42 / All) clantowa: english you dumb turds
(81:49 / All) clantowa: nobody can read that Shit
(82:02 / All) WigDadSteveWlls: one true language in friedman's capitalist globe
(82:06 / All) WigDadSteveWlls: speak it please
(84:34 / All) clantowa: Whats The Matter
(87:01 / All) zhangzheng: 我问
(87:07 / All) zhangzheng: wow fuck gj
(87:11 / All) clantowa: hi
(87:13 / All) WigDadSteveWlls: clan towa #1
(87:44 / All) zhangzheng: carbage
(87:55 / All) WigDadSteveWlls: welcome to USA
(88:09 / All) clantowa: carbage.,.,.,.,., is what U call a car from china
(88:11 / All) zhangzheng: to garbage
(88:25 / Allies) mata.: im c2g
(90:54 / All) zhangzheng: g11
(92:23 / All) zhangzheng: go?
(92:39 / All) zhangzheng: no?
(92:46 / All) WigDadSteveWlls: please calm down
(94:47 / All) zhangzheng: ?
(94:51 / All) zhangzheng: gold?
(120:32 / All) clantowa: how you feel
(120:38 / All) clantowa: these blades. they never gonna stop coming
(124:00 / All) inhumanism: gg
(124:07 / All) WigDadSteveWlls: clan towa #1
(124:28 / All) WigDadSteveWlls: chinois birdnoobs, go to your graves
(124:37 / All) WigDadSteveWlls: bow & kiss
(124:41 / All) clantowa: mwah
(143:41 / All) WigDadSteveWlls: clan towa #1 http://highper.ch/ live from Isle, MN